 Dungeon Sprint DCSS version 0.21-a0-210-gbfa5647 (webtiles) character file.

3444 Kidiri the Fighter (level 9, -10/89 HPs)
             Began as a Grey Draconian Transmuter on Aug 21, 2017.
             Was the Champion of Wu Jian.
             Mangled by a spriggan rider
             ... wielding a +0 spear
              (16 damage)
             ... in the Dungeon (Sprint V: "Ziggurat Sprint").
             The game lasted 00:07:44 (600 turns).

Kidiri the Fighter (Grey Draconian Transmuter)       Turns: 600, Time: 00:07:45

Health: -10/89     AC: 12    Str: 20    XL:     9   Next: 77%
Magic:  17/19      EV: 20    Int: 14    God:    Wu Jian [******]
Gold:   0          SH:  0    Dex: 19    Spells: 1/22 levels left

rFire    . . .     SeeInvis .     - Unarmed
rCold    . . .     Gourm    .   (shield currently unavailable)
rNeg     . . .     Faith    .   (armour unavailable)
rPois    .         Spirit   .   (helmet restricted)
rElec    .         Reflect  .   (no cloak)
rCorr    .         Harm     .   (gloves currently unavailable)
MR       .....     NoTele   +   (no boots)
Stlth    ++........             (no amulet)
HPRegen  0.24/turn              y - +6 ring of dexterity
MPRegen  0.16/turn              C - +6 ring of strength

@: blade hands (expiring), slowed, very slow
A: walk through water, unfitting armour, unbreathing, cold-blooded, AC +12
a: End Transformation, Serpent's Lash, Heavenly Storm, Renounce Religion


You were in the Dungeon.
You worshipped Wu Jian.
Wu Jian was exalted by your worship.
You were hungry.
You had blades for hands.
You visited 1 branch

Inventory:

Missiles
 a - 1012 arrows
Jewellery
 y - a +6 ring of dexterity (left scythe-like blade)
 z - a +6 ring of dexterity
 A - a +6 ring of intelligence
 B - a +6 ring of intelligence
 C - a +6 ring of strength (right scythe-like blade)
 D - a +6 ring of strength
Wands
 E - a wand of disintegration (7/24)
 F - a wand of iceblast (5/15)
 G - a wand of lightning (5/15)
 H - a wand of acid (5/15)
Scrolls
 i - 4 scrolls of blinking
 p - 4 scrolls of amnesia
 q - 3 scrolls of recharging
 r - 7 scrolls of fog
 s - a scroll of holy word
 t - 5 scrolls of identify
 u - 5 scrolls of remove curse
 v - 2 scrolls of fear
Potions
 d - 9 potions of curing
 e - 6 potions of heal wounds
 f - 6 potions of haste
 g - 7 potions of magic
 h - a potion of berserk rage
 j - 2 potions of brilliance
 k - 2 potions of invisibility
 l - 4 potions of resistance
 n - 5 potions of agility
 o - 5 potions of might
Comestibles
 c - 5 bread rations
 m - 16 chunks of flesh
 w - 42 fruits
 x - 4 meat rations
 I - 3 royal jellies


   Skills:
 * Level 11.6 Fighting
 * Level 10.0 Dodging
 * Level 11.1 Unarmed Combat
 + Level 7.2 Spellcasting
 + Level 7.8 Transmutations
 + Level 5.8 Ice Magic
 + Level 1.9 Air Magic
 + Level 5.7 Poison Magic


You had one spell level left.
You knew the following spells:

 Your Spells              Type           Power        Failure   Level  Hunger
a - Beastly Appendage     Tmut           ####..       12%         1    None
b - Spider Form           Tmut/Pois      ###.......   24%         3    ##.....
c - Ice Form              Ice/Tmut       ###.....     43%         4    ####...
d - Blade Hands           Tmut           ####......   56%         5    #####..
e - Confusing Touch       Hex            #.....       54%         1    None
f - Swiftness             Chrm/Air       #.......     54%         2    None
g - Lightning Bolt        Conj/Air       #.........   99%         5    #####..


Dungeon Overview and Level Annotations

Branches:
Dungeon (1/1)

Altars:
Ashenzari
Cheibriados
Dithmenos
Elyvilon
Fedhas
Gozag
Hepliaklqana
Kikubaaqudgha
Makhleb
Nemelex Xobeh
Okawaru
Qazlal
Ru
Sif Muna
Trog
Uskayaw
Vehumet
Wu Jian
Xom
Yredelemnul
Zin
The Shining One
Beogh
Jiyva
Lugonu

Annotations:
D 1 transporter


Innate Abilities, Weirdness & Mutations

You can walk through water.
Your dull iron-grey scales are very hard. (AC +12)
You cannot fit into any form of body armour.
You can survive without breathing.
You are cold-blooded and may be slowed by cold attacks.


Message History

Your Unarmed Combat skill increases to level 11!
You spin and attack the spriggan rider.
You slice the spriggan rider!!
Your tail-slap misses the spriggan rider.
The spriggan rider is heavily wounded.
The spriggan hits you but does no damage.
The spriggan rider hits you but does no damage.
The spriggan hits you from afar with a spear.
* * * LOW HITPOINT WARNING * * *
You lunge at the spriggan in a flurry of attacks.
You closely miss the spriggan.
Your tail-slap misses the spriggan.
You slice the spriggan!!
You kill the spriggan!
The Council accepts your kill.
You spin and attack the spriggan rider.
The spriggan rider blocks your attack.
You tail-slap the spriggan rider, but do no damage.
The spriggan rider is heavily wounded.
The spriggan rider hits you with an uncursed spear!
* * * LOW HITPOINT WARNING * * *
The spriggan rider hits you with an uncursed spear!
You die...

▓.▓...▓.▓
▓...©...▓
▓▓▓▓▓▓▓▓▓
▓..8©8..▓
▓..}}|..▓
▓..))}..▓
▓.......▓
▓.......▓
▓..@)...▓
▓.)i....▓
▓.▓...▓.▓
▓...©...▓
▓▓▓▓▓▓▓▓▓


You could see a spriggan rider.

Vanquished Creatures
  A black draconian (D)
  2 draconians (D)
  A smoke demon (D)
  A hornet (D)
  2 spriggans (D)
  A yak (D)
  A porcupine (D)
  2 black bears (D)
  A phantom (D)
  A necrophage (D)
  2 orc warriors (D)
  A wolf (D)
  2 orc priests (D)
  An orc wizard (D)
  2 river rats (D)
  A shadow imp (D)
  5 orcs (D)
  2 bat skeletons (D)
  A jackal (D)
30 creatures vanquished.

Notes
Turn   | Place    | Note
-------+----------+-------------------------------------------
     0 | D        | Found the +6 Majin-Bo {vamp, Archmagi MP+6 Int+6}
     0 | D        | Found the +7 great mace "Firestarter" {inner flame, rF++}
     0 | D        | Kidiri the Draconian Transmuter began the quest for the Orb.
     0 | D        | Reached XP level 1. HP: 16/16 MP: 3/3
     0 | D        | Found a deep blue altar of Sif Muna.
     0 | D        | Found a sacrificial altar of Ru.
     0 | D        | Found a bloodstained altar of Trog.
     0 | D        | Found a stormy altar of Qazlal.
     0 | D        | Found an iron altar of Okawaru.
     0 | D        | Found a sparkling altar of Nemelex Xobeh.
     0 | D        | Found a blossoming altar of Fedhas.
     2 | D        | Found a transporter.
     2 | D        | Found an ancient bone altar of Kikubaaqudgha.
     2 | D        | Found a viscous altar of Jiyva.
     2 | D        | Found a corrupted altar of Lugonu.
     2 | D        | Found a hazy altar of Hepliaklqana.
     2 | D        | Found a burning altar of Makhleb.
     2 | D        | Found an opulent altar of Gozag.
    19 | D        | Found the +9 heavy crossbow "Sniper" {velocity, Acc+∞ SInv}
    19 | D        | Found the +10 dark maul {crush}
    19 | D        | Found the +15 Maxwell's patent armour {-Cast -Tele rElec MR+ rCorr}
    19 | D        | Found the +18 shield of the Gong {rElec rN+ MR+ EV-5}
    19 | D        | Found the cursed +14 obsidian axe {chop, +Fly SInv *Curse}
    20 | D        | Found the +6 shillelagh "Devastator" {shatter}
    20 | D        | Found the +11 plutonium sword {*Contam Stlth-}
    20 | D        | Found the +8 lance "Wyrmbane" {slay drac, rPois rF+ rC+ AC+3}
    20 | D        | Found the +9 sword of Zonguldrok {reap}
    20 | D        | Found the cursed +13 scythe of Curses {drain, *Curse}
    20 | D        | Found the +0 sword of Power
    20 | D        | Found the +5 mace of Variability {chaos}
    20 | D        | Found the +7 Singing Sword
    20 | D        | Found the +7 longbow "Piercer" {penet, EV-2}
    48 | D        | Became a worshipper of the Wu Jian Council
    67 | D        | Reached XP level 2. HP: 27/27 MP: 4/6
    95 | D        | Entered arena 2.
    95 | D        | Noticed a smoke demon
    95 | D        | Found a transporter.
   103 | D        | Killed a smoke demon
   103 | D        | Reached skill level 5 in Transmutations
   103 | D        | Reached XP level 3. HP: 27/39 MP: 6/9
   103 | D        | Reached XP level 4. HP: 32/47 MP: 6/10
   103 | D        | Reached XP level 5. HP: 36/52 MP: 7/12
   103 | D        | Reached XP level 6. HP: 41/60 MP: 7/13
   107 | D        | Reached * piety under Wu Jian
   115 | D        | Learned a level 3 spell: Spider Form
   120 | D        | Learned a level 4 spell: Ice Form
   126 | D        | Learned a level 5 spell: Blade Hands
   268 | D        | Entered arena 3.
   268 | D        | Noticed a black draconian
   268 | D        | Noticed a draconian
   268 | D        | Noticed a draconian
   268 | D        | Found a transporter.
   284 | D        | Killed a black draconian
   284 | D        | Your scales start taking on a dull iron-grey colour.
   284 | D        | Reached XP level 7. HP: 71/71 MP: 11/16
   284 | D        | Gained mutation: You can survive without breathing. [Grey Draconian growth]
   284 | D        | Reached XP level 8. HP: 79/79 MP: 11/17
   287 | D        | Killed a draconian
   287 | D        | Reached skill level 10 in Fighting
   288 | D        | Killed a draconian
   288 | D        | Reached ** piety under Wu Jian
   288 | D        | Reached skill level 10 in Unarmed Combat
   288 | D        | Reached XP level 9. HP: 86/86 MP: 11/18
   392 | D        | Entered arena 4.
   392 | D        | Found a transporter.
   405 | D        | Reached *** piety under Wu Jian
   423 | D        | Learned a level 1 spell: Confusing Touch
   429 | D        | Entered arena 5.
   429 | D        | Found a transporter.
   462 | D        | Entered arena 6.
   462 | D        | Found a transporter.
   463 | D        | Found the +6 lightning scales {run, rElec}
   466 | D        | Reached **** piety under Wu Jian
   466 | D        | Reached skill level 5 in Poison Magic
   469 | D        | Reached skill level 5 in Ice Magic
   469 | D        | Reached ***** piety under Wu Jian
   487 | D        | Identified the Papyrus of Snow and Weightlessness (You found it in the Dungeon)
   492 | D        | Identified the Papyrus of Snow and Weightlessness (You found it in the Dungeon)
   496 | D        | Identified the Papyrus of Snow and Weightlessness (You found it in the Dungeon)
   499 | D        | Learned a level 2 spell: Swiftness
   499 | D        | Identified the Papyrus of Snow and Weightlessness (You found it in the Dungeon)
   505 | D        | Learned a level 5 spell: Lightning Bolt
   510 | D        | Entered arena 7.
   511 | D        | Found a transporter.
   585 | D        | Entered arena 8.
   585 | D        | Noticed a spriggan rider
   585 | D        | Noticed a spriggan rider
   588 | D        | Found a transporter.
   588 | D        | Reached skill level 1 in Air Magic
   591 | D        | Reached ****** piety under Wu Jian
   599 | D        | Reached skill level 10 in Dodging
   600 | D        | Mangled by a spriggan rider

Vault maps used:
D:        sprint_v

Skill      XL: |  1  2  3  4  5  6  7  8  9 |
---------------+----------------------------+-----
Fighting       | 4 7 9 10 11 | 11.6
Dodging        | 3 6 8 9 10 | 10.0
Unarmed Combat | 4 7 9 10 11 | 11.1
Spellcasting   | 3 4 6 7 |  7.2
Transmutations | 3 5 6 7 |  7.8
Ice Magic      | 3 4 5 |  5.8
Poison Magic   | 3 4 5 |  5.7
Air Magic      | 1 |  1.9

Action                   |  1- 3 |  4- 6 |  7- 9 || total
-------------------------+-------+-------+-------++-------
Melee: Unarmed           |     6 |    24 |    70 ||   100
       Headbutt          |     3 |       |       ||     3
       Tailslap          |       |     1 |     4 ||     5
       Punch             |       |       |     2 ||     2
 Cast: Beastly Appendage |     1 |       |       ||     1
       Spider Form       |       |     1 |       ||     1
       Blade Hands       |       |       |     5 ||     5
       Confusing Touch   |       |       |     2 ||     2
       Swiftness         |       |       |     1 ||     1
  Use: Potion            |     2 |     1 |     5 ||     8
  Eat: Chunk             |       |       |     1 ||     1
Armor: Skin              |     2 |     1 |    20 ||    23
Dodge: Dodged            |     5 |    13 |    59 ||    77

Table legend:
 A = Spawn XP
 B = Non-spawn XP
 C = Spawn XP percentage of total XP
 D = Spawn monster count
 E = Non-spawn monster count
 F = Spawn count percentage of total count
 G = Total turns spent on level
                    A         B        C        D         E        F      G
               +---------+---------+-------+---------+---------+-------+---------
         Total |     292 |    4616 |   5.9 |       1 |      29 |   3.3 |   600
               +---------+---------+-------+---------+---------+-------+---------
             D |     292 |    4616 |   5.9 |       1 |      29 |   3.3 |   600
               +---------+---------+-------+---------+---------+-------+---------
